 Dungeon Crawl Stone Soup version 0.30-a0-367-g839099abd5 (webtiles) character file.

Game seed: 5302870381316933951

210 BritishOli the Chopper (level 5, -3/41 HPs)
             Began as a Demonspawn Gladiator on Nov 18, 2022.
             Slain by Grinder (6 damage)
             ... on level 3 of the Dungeon.
             The game lasted 00:01:52 (1578 turns).

BritishOli the Chopper (Demonspawn Gladiator)       Turns: 1578, Time: 00:01:53

Health: -3/41      AC:  3    Str: 16    XL:     5   Next: 57%
Magic:  5/5        EV: 16    Int: 10    God:
Gold:   119        SH:  0    Dex: 14    Spells: 4/4 levels left

rFire   . . .      SeeInvis .    a - +0 war axe
rCold   . . .      Faith    .    (no shield)
rNeg    . . .      Spirit   .    b - +0 leather armour
rPois   .          Reflect  .    (helmet restricted)
rElec   .          Harm     .    (no cloak)
rCorr   .          Rampage  .    (no gloves)
Will    .....                    (no boots)
Stlth   +.........               (no amulet)
HPRegen 0.26/turn                (no ring)
MPRegen 0.09/turn                (no ring)

@: no status effects
A: horns 1, repulsion field 2, foul stench 1
a: no special abilities


You were on level 3 of the Dungeon.
You visited 1 branch of the dungeon, and saw 3 of its levels.

You collected 119 gold pieces.

Inventory:

Hand Weapons
 a - a +0 war axe (weapon)
Missiles
 e - a javelin (quivered)
Armour
 b - a +0 leather armour (worn)
 c - a +0 helmet
Scrolls
 g - a scroll of noise {unknown}
 h - 3 scrolls of identify {unknown}
 k - a scroll of enchant armour {unknown}
 o - a scroll of fear {unknown}
 p - a scroll of amnesia {unknown}
Potions
 f - 3 potions of curing {unknown}
 i - a potion of haste {unknown}
 j - a potion of brilliance {unknown}
 l - a potion of might {unknown}
 m - a potion of magic {unknown}
 n - a potion of heal wounds {unknown}
 q - a potion of resistance {unknown}


   Skills:
 + Level 3.3 Fighting
 + Level 3.7 Axes
 + Level 3.0 Throwing
 + Level 3.7 Dodging


You had 4 spell levels left.
You didn't know any spells.
Your spell library was empty.

Dungeon Overview and Level Annotations

Branches:
Dungeon (3/15)

Altars:

Annotations:
D:3 Grinder


Innate Abilities, Weirdness & Mutations

You have a pair of small horns on your head.
You are surrounded by a moderate repulsion field. (EV +3)
You may rarely emit foul miasma when damaged in melee.


Message History

You barely miss Grinder. Your headbutt misses Grinder.
Grinder is heavily wounded.
Grinder hits you!
* * * LOW HITPOINT WARNING * * *
Grinder hits you.
* * * LOW HITPOINT WARNING * * *
You writhe in agony.
* * * LOW HITPOINT WARNING * * *
You emit a cloud of foul miasma!
Throw: 2 throwing nets
Press: ? - help, Q - select action, (/) - cycle Shift-Dir - straight line, f/p - Grinder
Aim: Grinder (foul pestilence, heavily wounded, 57% to hit)
You throw a throwing net.
The throwing net closely misses Grinder.
Grinder barely misses you.
Throw: throwing net
Press: ? - help, Q - select action, (/) - cycle Shift-Dir - straight line, f/p - Grinder
Aim: Grinder (foul pestilence, heavily wounded, 57% to hit)
You throw a throwing net. The throwing net hits Grinder.
Grinder is caught in the net!
Grinder is heavily wounded.
You hit Grinder but do no damage.
Grinder is heavily wounded.
Grinder struggles against the net. x2
You hit Grinder.
Grinder is severely wounded.
Grinder struggles against the net.
You hit Grinder but do no damage.
Grinder is severely wounded.
Grinder struggles against the net.
You barely miss Grinder.
Grinder is severely wounded.
Grinder grins, showing sharp teeth.
Grinder struggles against the net.
The net rips apart, and Grinder comes free!
Grinder hits you but does no damage.
You hit Grinder but do no damage. You headbutt Grinder.
Grinder is severely wounded.
Grinder hits you.
You die...

#####.# ####)(...#
..#.....# ...
###.#.....### ..###
...'....... ....#
#######.#.....#
..#.#
.....##...5...#####
..#.#
#......))#@........
..#.#
#.##.#...)..#.####
..#.#
#.##.##............
....#
#.##.##.###.#.####.
..#.###.##.##.#
#.....
..#...........#
###.##..
..#.###..#.#### .#
.# .........#... #
# ...............


You could see Grinder.

Vanquished Creatures
  Natasha (thrice) (D:2)
  An orc wizard (D:3)
  4 adders (D:2)
  A worm (D:2)
  5 dart slugs
  2 orcs (D:3)
  10 ball pythons
  6 bats
  3 endoplasms
  4 giant cockroaches (D:1)
  4 goblins
  6 hobgoblins
  3 kobolds
  2 quokkas
  6 frilled lizards
  5 rats
65 creatures vanquished.

Notes
Turn   | Place    | Note
-------+----------+-------------------------------------------
     0 | D:1      | BritishOli the Demonspawn Gladiator began the quest for the
                  | Orb.
     0 | D:1      | Reached XP level 1. HP: 16/16 MP: 1/1
    88 | D:1      | Gained mutation: You are surrounded by a mild repulsion
                  | field. (EV +2) [demonic ancestry]
    88 | D:1      | Reached XP level 2. HP: 22/22 MP: 2/2
   203 | D:1      | Gained mutation: You are surrounded by a moderate repulsion
                  | field. (EV +3) [demonic ancestry]
   203 | D:1      | Reached XP level 3. HP: 21/28 MP: 3/3
   775 | D:2      | Gained mutation: You have a pair of small horns on your
                  | head. [demonic ancestry]
   775 | D:2      | Reached XP level 4. HP: 26/34 MP: 4/4
  1107 | D:2      | Noticed Natasha
  1119 | D:2      | Killed Natasha
  1323 | D:2      | Noticed Natasha
  1329 | D:2      | Killed Natasha
  1330 | D:2      | Gained mutation: You may rarely emit foul miasma when
                  | damaged in melee. [demonic ancestry]
  1330 | D:2      | Reached XP level 5. HP: 33/41 MP: 5/5
  1364 | D:2      | Noticed Natasha
  1371 | D:2      | Killed Natasha
  1499 | D:3      | Found a faded altar of an unknown god.
  1554 | D:3      | Noticed Grinder
  1571 | D:3      | HP: 1/41 [Grinder (5)]
  1578 | D:3      | Slain by Grinder

Illustrated notes

Levels and vault maps discovered:
D:1:      dpeg_arrival_stonehenge_12_columns, layout_basic, st_stairs_9
D:2:      layout_basic, kennysheep_crisscross, uniq_natasha
D:3:      layout_basic, chequers_ecumenical_altar_simple_redux, uniq_jessica,
          uniq_grinder, uniq_ijyb

Skill      XL: |  1  2  3  4  5 |
---------------+----------------+-----
Throwing       | 2 3 |  3.0
Dodging        | 3 |  3.7
Axes           | 3 |  3.7
Fighting       | 3 |  3.3

Action                   |  1- 3 |  4- 6 || total
-------------------------+-------+-------++-------
Melee: War axe           |   100 |    78 ||   178
       Headbutt          |       |    15 ||    15
Throw: Throwing net      |       |     3 ||     3
 Stab: Sleeping          |     2 |     1 ||     3
       Held in net/web   |       |     2 ||     2
Armor: Leather armour    |    30 |     9 ||    39
Dodge: Dodged            |   131 |    73 ||   204

Table legend: (Time is in decaauts)
 A = Elapsed time spent in this place.
 B = Non-inter-level travel time spent in this place.
 C = Inter-level travel time spent in this place.
 D = Time resting spent in this place.
 E = Time spent auto-exploring this place.
 F = Levels seen in this place.
 G = Mean time per level.
                   A        B        C        D        E       F      G
               +--------+--------+--------+--------+--------+-----+--------+
         Total |   1677 |   1603 |     74 |    154 |   1013 |   3 |  559.0 |
       Dungeon |   1677 |   1603 |     74 |    154 |   1013 |   3 |  559.0 |
               +--------+--------+--------+--------+--------+-----+--------+

Top non-repeatable levels by time:
     D:2: 1022 daAuts
     D:1: 569 daAuts
     D:3: 85 daAuts
